 Dungeon Crawl Stone Soup version 0.29.1-12-g30fa7ad0bf (webtiles) character file.

Game seed: 14922760904204439523

14712 booth the Grappler (level 11, -25/98 HPs)
             Began as a Troll Gladiator on Jan 8, 2023.
             Was a High Priest of Wu Jian.
             Killed from afar by a deep elf knight (42 damage)
             ... with a shard of ice
             ... on level 11 of the Dungeon on Jan 9, 2023.
             The game lasted 01:47:50 (12355 turns).

booth the Grappler (Troll Gladiator)               Turns: 12355, Time: 01:47:50

Health: -25/98     AC: 13    Str: 26    XL:     11   Next: 92%
Magic:  10/10      EV: 12    Int:  4    God:    Wu Jian [*****.]
Gold:   580        SH:  5    Dex: 13    Spells: 10/10 levels left

rFire   . . .      SeeInvis .     - Unarmed
rCold   . . .      Faith    .   (no shield)
rNeg    . . .      Spirit   .   a - +1 robe
rPois   .          Reflect  +   b - +2 hat
rElec   .          Harm     .   x - +1 cloak {Stlth+}
rCorr   +          Rampage  .   (gloves unavailable)
Will    .....                   (boots unavailable)
Stlth   +++.......              E - amulet of reflection
HPRegen 1.06/turn               z - ring of resist corrosion
MPRegen 0.12/turn               C - +4 ring of protection

@: about to teleport
A: large, unfitting armour, claws 3, regeneration 1, shaggy fur 1, tough skin 1
a: Renounce Religion, Wall Jump, Serpent's Lash, Heavenly Storm


You were on level 11 of the Dungeon.
You worshipped Wu Jian.
Wu Jian was extremely pleased with you.
You visited 3 branches of the dungeon, and saw 14 of its levels.

You collected 790 gold pieces.
You spent 210 gold pieces at shops.

Inventory:

Hand Weapons
 u - a +5 flail of protection
Missiles
 c - 3 throwing nets (quivered)
 f - 16 javelins
 g - 33 poisoned darts
 n - 79 stones
 t - 16 boomerangs
 G - 5 large rocks
 K - 5 atropa-tipped darts
Armour
 a - a +1 robe (worn)
 b - a +2 hat (worn)
 p - a +1 troll leather armour {Snorg}
 x - a +1 cloak of stealth (worn)
 A - a scarf of shadows
Jewellery
 e - a ring of wizardry
 s - a ring of protection from fire
 w - a ring of positive energy
 y - a ring of protection from fire
 z - a ring of resist corrosion (left claw)
 C - a +4 ring of protection (right claw)
 E - an amulet of reflection (around neck)
Wands
 q - a wand of flame (60)
 F - a wand of iceblast (31)
 H - a wand of light (9)
Scrolls
 d - a scroll of amnesia
 h - 2 scrolls of magic mapping
 i - 2 scrolls of teleportation
 o - 3 scrolls of identify
 v - a scroll of torment
 I - a scroll of enchant armour
 J - a scroll of blinking {unknown}
Potions
 j - 2 potions of attraction
 k - 2 potions of mutation
 l - 2 potions of brilliance
 m - a potion of curing
 r - 2 potions of ambrosia
 B - 4 potions of lignification
 D - 4 potions of cancellation
 L - a potion of magic


   Skills:
 + Level 3.7 Fighting
 * Level 6.1 Maces & Flails
 * Level 6.9 Throwing
 + Level 6.3 Dodging
 + Level 3.1 Stealth
 + Level 1.1 Shields
 + Level 13.8 Unarmed Combat


You had 10 spell levels left.
You didn't know any spells.
Your spell library contained the following spells:

 Spells                   Type           Power      Damage    Failure   Level
 Apportation              Tloc           0%         N/A       50%         1
 Magic Dart               Conj           0%         1d3       50%         1
 Necrotise                Necr           0%         1d4       50%         1
 Sting                    Tmut/Pois      0%         1d3       50%         1
 Summon Small Mammal      Summ           0%         N/A       50%         1
 Ensorcelled Hibernation  Hex/Ice        0%         N/A       65%         2
 Passwall                 Tmut/Erth      0%         N/A       65%         2
 Poisonous Vapours        Pois/Air       0%         N/A       65%         2
 Searing Ray              Conj           0%         2d4       65%         2
 Frozen Ramparts          Ice            0%         1d1       86%         3
 Swiftness                Air            0%         N/A       86%         3
 Fulminant Prism          Conj/Hex       0%         3d6       99%         4
 Ice Form                 Ice/Tmut       0%         N/A       99%         4
 Olgreb's Toxic Radiance  Pois           0%         N/A       99%         4
 Passage of Golubria      Tloc           0%         N/A       99%         4
 Summon Ice Beast         Ice/Summ       0%         N/A       99%         4
 Silence                  Hex/Air        0%         N/A       100%        5
 Lehudib's Crystal Spear  Conj/Erth      0%         10d2      100%        8
 Chain Lightning          Conj/Air       0%         N/A       100%        9
 Fire Storm               Conj/Fire      0%         5d1       100%        9
 Shatter                  Erth           0%         3d5*      100%        9


Dungeon Overview and Level Annotations

Branches:
Dungeon (11/15)            Temple (1/1) D:4            Lair (0/5) D:9
    Orc (2/2) D:10
    Elf: Orc:2

Altars:
Ashenzari
Cheibriados
Dithmenos
Elyvilon
Fedhas
Gozag
Hepliaklqana
Kikubaaqudgha
Makhleb
Nemelex Xobeh
Okawaru
Qazlal
Ru
Sif Muna
Trog
Uskayaw
Vehumet
Wu Jian
Xom
Yredelemnul
Zin
The Shining One

Shops:
D:7 [

Portals:
Trove: D:10 (give +5 demon trident)

Annotations:
D:9 1 runed translucent door


Innate Abilities, Weirdness & Mutations

You are too large for most types of armour.
You have claws for hands.
Your natural rate of healing is unusually fast.
You are covered in fur. (AC +1)
You have tough skin. (AC +1)


Message History

The deep elf knight misses you.
You spin and attack the deep elf knight.
You miss the deep elf knight.
The deep elf knight is lightly wounded.
The deep elf knight mumbles some strange words.
The deep elf knight flickers and vanishes!
Deactivating autopickup; reactivate with Ctrl-A.
You miss something. Your claw misses something. You claw something!
You hear some strange, mumbled words.
A shard of ice appears from out of thin air!
The shard of ice misses you.
You closely miss something. Something hits you!
You closely miss something. Your claw misses something. Something hits you!!
Something hits you but does no damage. Something hits you.
You miss something. Something hits you!
You claw something! You miss something.
You hear some strange, mumbled words.
A shard of ice appears from out of thin air!
The shard of ice hits you!
You barely miss something.
You hear some strange, mumbled words.
You hear some strange, mumbled words.
A shard of ice appears from out of thin air!
The shard of ice misses you.
You hear some strange, mumbled words.
A lance of force appears from out of thin air!
The lance of force hits you!
* * * LOW HITPOINT WARNING * * *
You are knocked back by the lance of force.
You slam into the stone wall!
* * * LOW HITPOINT WARNING * * *
As you read the scroll of teleportation, it crumbles to dust.
You feel strangely unstable.
You hear some strange, mumbled words.
A shard of ice appears from out of thin air!
The shard of ice hits you!!!
You die...

#############
#...#...#...#
#...'...'...#
#...#...#...#
##'#######'##
###...#$.!#...#
#.'.).#...'{†@#
#.#...#=.!#...#
#.##########+##
#.# #.# #.# #.#
###### ####### #.#
#....####.##..###+
#.#
#....#.....#.....


There were no monsters in sight!

Vanquished Creatures
  Snorg (Orc:1)
  A boulder beetle (D:11)
  2 catoblepae (D:11)
  A tengu warrior (D:11)
  An orc knight (Orc:1)
  A cyclops (Orc:1)
  A gargoyle (D:10)
  A komodo dragon (D:9)
  3 trolls
  A hornet (D:10)
  Grinder (D:3)
  A centaur simulacrum (D:11)
  2 wraiths
  2 wyverns
  13 yaks
  2 steam dragons
  Edmund (D:6)
  A warg (Orc:1)
  2 acid dragons
  Duvessa (D:6)
  2 black bears
  15 orc warriors
  An ice beast (D:5)
  2 sky beasts
  9 ogres
  4 centaurs
  2 phantoms
  3 kobold brigands
  7 bullfrogs
  Blork the orc (D:6)
  A gnoll sergeant (D:10)
  4 scorpions
  4 wights (D:7)
  Dowan (D:6)
  8 howler monkeys
  5 jellies
  9 orc priests
  2 gnoll boudas
  A hound (D:7)
  5 iguanas
  13 orc wizards
  6 adders
  5 gnolls
  A shadow imp (D:7)
  A worm (D:2)
  3 dart slugs
  45 orcs
  5 ball pythons
  9 endoplasms
  3 giant cockroaches (D:1)
  6 goblins
  5 hobgoblins
  14 kobolds
  4 quokkas
  6 bats
  3 frilled lizards
  5 rats
259 creatures vanquished.

Vanquished Creatures (others)
  2 gnolls (D:9)
  10 fungi (D:9)
  19 plants
31 creatures vanquished.

Grand Total: 290 creatures vanquished

Notes
Turn   | Place    | Note
-------+----------+-------------------------------------------
     0 | D:1      | booth the Troll Gladiator began the quest for the Orb.
     0 | D:1      | Reached XP level 1. HP: 19/19 MP: 0/0
   126 | D:1      | Reached XP level 2. HP: 27/27 MP: 1/1
   361 | D:1      | Found a faded altar of an unknown god.
  1008 | D:1      | Reached XP level 3. HP: 35/35 MP: 2/2
  1081 | D:1      | Prayed at the altar of an unknown god.
  1081 | D:1      | Became a worshipper of the Wu Jian Council
  1081 | D:1      | Reached * piety under Wu Jian
  1317 | D:2      | Reached skill level 4 in Unarmed Combat
  1558 | D:2      | Reached XP level 4. HP: 35/42 MP: 3/3
  1787 | D:3      | Noticed Grinder
  1799 | D:3      | Paralysed by Grinder for 3 turns
  1809 | D:3      | Paralysed by Grinder for 4 turns
  1813 | D:3      | Killed Grinder
  1814 | D:3      | Reached skill level 5 in Unarmed Combat
  1814 | D:3      | Reached XP level 5. HP: 22/49 MP: 4/4
  1991 | D:3      | Reached ** piety under Wu Jian
  1994 | D:3      | Reached skill level 6 in Unarmed Combat
  2051 | D:3      | Reached XP level 6. HP: 57/57 MP: 5/5
  2795 | D:4      | Found a staircase to the Ecumenical Temple.
  2801 | Temple   | Entered the Ecumenical Temple
  2951 | D:4      | Found a glowing silver altar of Zin.
  3427 | D:5      | Entered Level 5 of the Dungeon
  3481 | D:5      | Reached skill level 7 in Unarmed Combat
  3560 | D:5      | Noticed an ice beast
  3572 | D:5      | Killed an ice beast
  3573 | D:5      | Reached XP level 7. HP: 5/63 MP: 6/6
  3730 | D:5      | Reached skill level 1 in Stealth
  3886 | D:5      | Reached skill level 8 in Unarmed Combat
  4250 | D:5      | Found an opulent altar of Gozag.
  4250 | D:5      | Found a bloodstained altar of Trog.
  4267 | D:5      | Found a white marble altar of Elyvilon.
  4273 | D:5      | Found a stormy altar of Qazlal.
  4283 | D:5      | Found an ornate altar of the Wu Jian Council.
  4287 | D:5      | Found a broken altar of Ashenzari.
  4889 | D:6      | Noticed a wraith
  4951 | D:6      | Noticed a yak
  4951 | D:6      | Noticed a yak
  4951 | D:6      | Noticed a yak
  4969 | D:6      | Reached XP level 8. HP: 63/72 MP: 7/7
  5226 | D:6      | Noticed Edmund
  5240 | D:6      | Killed Edmund
  5386 | D:6      | Reached skill level 9 in Unarmed Combat
  5388 | D:6      | Reached skill level 1 in Maces & Flails
  5571 | D:6      | Noticed Blork the orc
  5580 | D:6      | Killed Blork the orc
  5770 | D:6      | Reached XP level 9. HP: 80/80 MP: 8/8
  6095 | D:6      | Reached skill level 10 in Unarmed Combat
  6244 | D:6      | Noticed Dowan
  6249 | D:6      | Noticed Duvessa
  6255 | D:6      | Killed Duvessa
  6257 | D:6      | Killed Dowan
  6600 | D:7      | Found Vuneaqinia's Antique Armour Shop.
  6890 | D:7      | Reached *** piety under Wu Jian
  7302 | D:7      | Reached skill level 11 in Unarmed Combat
  7384 | D:7      | Found a burning altar of Makhleb.
  7633 | D:8      | Reached skill level 5 in Throwing
  7808 | D:7      | Bought a glowing cloak for 210 gold pieces
  8089 | D:8      | Reached XP level 10. HP: 88/88 MP: 9/9
  8342 | D:9      | Found a shadowy altar of Dithmenos.
  8667 | D:9      | Reached skill level 12 in Unarmed Combat
  8707 | D:9      | Reached skill level 5 in Dodging
  8755 | D:9      | Found a staircase to the Lair.
  8882 | D:9      | Found a sparkling altar of Nemelex Xobeh.
  9121 | D:9      | Noticed a fire dragon
  9122 | D:9      | Found a runed translucent door.
  9124 | D:9      | Noticed a deep troll
  9124 | D:9      | Noticed a wolf spider
  9237 | D:9      | Reached **** piety under Wu Jian
  9292 | D:10     | Entered Level 10 of the Dungeon
  9482 | D:10     | Noticed a cyclops
  9730 | D:10     | Found a staircase to the Orcish Mines.
  9750 | D:10     | Reached XP level 11. HP: 79/97 MP: 10/10
  9823 | Orc:1    | Entered Level 1 of the Orcish Mines
  9927 | Orc:1    | Noticed an orc knight
  9935 | Orc:1    | Reached skill level 5 in Maces & Flails
 10257 | Orc:1    | Killed an orc knight
 10368 | Orc:1    | Reached skill level 13 in Unarmed Combat
 10454 | Orc:1    | Identified a scroll of acquirement
 10458 | Orc:1    | Acquired an amulet of reflection
 10830 | Orc:1    | Found a shimmering blue altar of Sif Muna.
 10874 | Orc:1    | Noticed Snorg
 10886 | Orc:1    | Killed Snorg
 11147 | Orc:2    | Entered Level 2 of the Orcish Mines
 11271 | D:10     | Reached ***** piety under Wu Jian
 11440 | D:10     | Found a glowing golden altar of the Shining One.
 11468 | D:10     | Found a portal to a secret trove of treasure.
 11484 | D:10     | +5 demon trident
 11831 | D:10     | Found an iron altar of Okawaru.
 12044 | D:10     | Paralysed by a kobold brigand for 3 turns
 12053 | D:10     | Paralysed by a kobold brigand for 2 turns
 12076 | D:10     | Found a faded altar of an unknown god.
 12077 | D:10     | Found a hazy altar of Hepliaklqana.
 12187 | D:11     | Noticed a tengu warrior
 12191 | D:11     | Killed a tengu warrior
 12228 | D:11     | Noticed a boulder beetle
 12245 | D:11     | Killed a boulder beetle
 12252 | D:11     | Noticed a catoblepas
 12259 | D:11     | Noticed a deep elf knight
 12259 | D:11     | Killed a catoblepas
 12321 | D:11     | Reached skill level 1 in Shields
 12326 | D:11     | Noticed a catoblepas
 12334 | D:11     | Killed a catoblepas
 12355 | D:11     | Killed from afar by a deep elf knight

Illustrated notes

#..# #...........#
...##..##....###'####
.8.. #..#....##...##
8.8. #......#.....#
._.8 ###....##...##
8.8. ##......#.....#
.8..##..#....##...##
...##..##....#.....#
##..#####.###.@.##
###..## #..###∩##
.#..## ##### ### ####
.#.## #...#######..#
...#######............#
...##....'............#
...##.####............#
...'..# #............#
...#### ##########'###


Turn 11484 on D:10: +5 demon trident

Levels and vault maps discovered:
D:1:      dpeg_arrival_tiny_g, layout_basic, basic_ecumenical_altar,
          serial_bayou_ford_a
D:2:      layout_rooms, nrook_mini_vaults, hex_tiny, minmay_tree_intersection,
          st_stairs_4
D:3:      layout_loops_corners, uniq_grinder
D:4:      layout_loops_cross, mainiacjoe_overflow_tiny_flanked,
          minmay_temple_entry_enclosed_plants
D:5:      layout_layer_cave, nicolae_overflow_hallway_of_the_gods
D:6:      layout_gridville, uniq_duvessa, uniq_blork_the_orc, uniq_edmund
D:7:      wad_crossroads, layout_basic, makhleb_blood_cavern_becter,
          serial_shops, nicolae_shop_competitors_out_of_business
D:8:      layout_loops_ring, hangedman_decor_diamond_cutter
D:9:      minmay_gate_of_8, layout_basic, nicolae_dithmenos_the_darkroom,
          amcnicky_altar_gilded, grunt_lair_entry_orc_guard_hut
D:10:     layout_roguey, okawaru_trees_1, tso_metal_star,
          beargit_hepliaklqana_dungeon_heroes, david_orc_5,
          nicolae_trove_entry_crystal
D:11:     layout_gridville, portal_ice_cave_entry_pillars_2, minmay_evil_grid
Temple:   chequers_temple_sunken
Orc:1:    lemuel_ogre_cave, layout_diamond_mine, kennysheep_orc_sif_temple,
          uniq_snorg
Orc:2:    pubby_orc_utopia

Skill      XL: |  1  2  3  4  5  6  7  8  9 10 11 |
---------------+----------------------------------+-----
Unarmed Combat | 4 5 6 7 8 9 11 12 13 | 13.8
Throwing       | 2 4 5 6 |  6.9
Dodging        | 3 4 5 6 |  6.3
Stealth        | 1 2 3 |  3.1
Fighting       | 2 3 |  3.7
Maces & Flails | 2 3 4 6 |  6.1
Shields        | 1 |  1.1

Action                   |  1- 3 |  4- 6 |  7- 9 | 10-12 || total
-------------------------+-------+-------+-------+-------++-------
Melee: Unarmed           |    96 |    73 |   254 |   426 ||   849
       Punch             |     2 |     1 |     8 |    30 ||    41
Throw: Stone             |       |     1 |     1 |       ||     2
       Dart              |       |       |     1 |     2 ||     3
       Javelin           |       |       |       |     1 ||     1
       Large rock        |       |       |       |     1 ||     1
Invok: Whirlwind         |    16 |    15 |    71 |    94 ||   196
       Lunge             |    15 |    21 |    37 |    77 ||   150
       Serpent's Lash    |       |       |       |     1 ||     1
 Abil: Wall Jump         |       |     1 |     2 |     1 ||     4
Evoke: Wand              |       |       |       |     1 ||     1
  Use: Scroll            |     3 |     2 |    15 |     6 ||    26
       Potion            |       |     1 |     5 |     3 ||     9
 Stab: Sleeping          |       |     1 |     1 |     7 ||     9
       Distracted        |       |       |       |     1 ||     1
Armor: Robe              |    37 |    12 |    63 |    95 ||   207
Dodge: Dodged            |    40 |    22 |    82 |   164 ||   308
Block: Other             |       |       |       |    18 ||    18
